 Dungeon Crawl Stone Soup version 0.30.0-29-ga12c61a403 (webtiles) character file.

Game seed: 17901529809314885330

790 monsoonserge the Chiller (level 7, -3/51 HPs)
             Began as a Gnoll Ice Elementalist on June 21, 2023.
             Slain by Pikel
             ... wielding a +1 whip of electrocution
              (18 damage)
             ... on level 4 of the Dungeon.
             The game lasted 00:19:15 (3586 turns).

monsoonserge the Chiller (Gnoll Ice Elementalist)   Turns: 3586, Time: 00:19:16

Health: -3/51      AC: 12    Str:  8    XL:     7   Next: 87%
Magic:  7/15       EV: 13    Int: 16    God:
Gold:   173        SH:  5    Dex: 12    Spells: 6/17 levels left

rFire   + . .        b - +6 club
rCold   . . .        (no shield)
rNeg    . . .        G - +2 leather armour {rF+}
rPois   +            (no helmet)
rElec   .            (no cloak)
rCorr   .            A - +0 pair of gloves
SInv    .            e - +0 pair of boots
Will    .....        s - amulet of reflection
Stlth   +++          n - ring of poison resistance
HPRegen 0.28/turn    p - ring of wizardry
MPRegen 0.14/turn

%: reflection, wizardry (x1)
@: ice-armoured, freezing walls
A: fangs 1, strong nose, distributed training
a: no special abilities


You were on level 4 of the Dungeon.
You visited 1 branch of the dungeon, and saw 7 of its levels.

You collected 215 gold pieces.
You spent 42 gold pieces at shops.

Inventory:

Hand Weapons
 a - a +0 shortbow
 b - a +6 club (weapon)
 C - a +0 sling
Missiles
 y - 5 curare-tipped darts
Armour
 e - a +0 pair of boots (worn)
 A - a +0 pair of gloves (worn)
 G - a +2 leather armour of fire resistance (worn)
Magical Staves
 I - a staff of conjuration
Jewellery
 k - an amulet of faith
 n - a ring of poison resistance (left hand)
 p - a ring of wizardry (right hand)
 s - an amulet of reflection (around neck)
 w - a ring of ice
Wands
 E - a wand of iceblast (4)
Scrolls
 c - 2 scrolls of enchant weapon {unknown}
 d - 7 scrolls of teleportation
 f - a scroll of brand weapon {unknown}
 g - 3 scrolls of identify {unknown}
 h - a scroll of blinking {unknown}
 m - 2 scrolls of poison {unknown}
 q - 4 scrolls of fog {unknown}
 r - a scroll of vulnerability {unknown}
 u - a scroll of silence {unknown}
 z - a scroll of immolation {unknown}
Potions
 i - 3 potions of magic
 j - a potion of cancellation {unknown}
 l - 3 potions of curing {unknown}
 o - 2 potions of heal wounds {unknown}
 t - 2 potions of haste {unknown}
 v - a potion of attraction {unknown}
 x - 3 potions of brilliance {unknown}
 B - a potion of resistance {unknown}
 D - a potion of might {unknown}
 F - a potion of degeneration {unknown}
 H - a potion of invisibility {unknown}


   Skills:
 + Level 2.9 Fighting
 + Level 2.9 Short Blades
 + Level 2.9 Long Blades
 + Level 2.9 Axes
 + Level 2.9 Maces & Flails
 + Level 2.9 Polearms
 + Level 2.9 Staves
 + Level 2.9 Ranged Weapons
 + Level 2.9 Throwing
 + Level 2.9 Armour
 + Level 5.4 Dodging
 + Level 5.1 Stealth
 + Level 2.9 Shields
 + Level 2.9 Unarmed Combat
 + Level 5.8 Spellcasting
 + Level 2.3 Conjurations
 + Level 2.3 Hexes
 + Level 2.3 Summonings
 + Level 2.3 Necromancy
 + Level 2.3 Translocations
 + Level 2.3 Transmutations
 + Level 2.3 Fire Magic
 + Level 7.5 Ice Magic
 + Level 2.3 Air Magic
 + Level 2.3 Earth Magic
 + Level 2.3 Poison Magic
 + Level 3.2 Invocations
 + Level 2.9 Evocations


You had 6 spell levels left.
You knew the following spells:

 Your Spells              Type           Power      Damage    Failure   Level
a - Freeze                Ice            100%       1d10      1%          1
b - Frozen Ramparts       Ice            56%        1d9       1%          3
c - Ozocubu's Armour      Ice            28%        N/A       1%          3
d - Summon Ice Beast      Ice/Summ       20%        N/A       11%         4

Your spell library contained the following spells:

 Spells                   Type           Power      Damage    Failure   Level
 Kiss of Death            Conj/Necr      48%        2d9       3%          1
 Shock                    Conj/Air       48%        1d6       3%          1
 Confusing Touch          Hex            12%        N/A       9%          3
 Swiftness                Air            12%        N/A       9%          3
 Volatile Blastmotes      Fire/Tloc      24%        2d12      9%          3
 Airstrike                Air            6%         2d(1-17)  28%         4
 Animate Dead             Necr           12%        N/A       28%         4
 Dispel Undead            Necr           12%        3d9       28%         4
 Fulminant Prism          Conj/Hex       6%         3d7       28%         4
 Iskenderun's Mystic Bla  Conj/Tloc      12%        2d5       28%         4
 Borgnjor's Vile Clutch   Necr/Erth      6%         N/A       61%         5
 Lee's Rapid Deconstruct  Erth           6%         3d6*      61%         5
 Death Channel            Necr           6%         N/A       98%         6


Dungeon Overview and Level Annotations

Branches:
Dungeon (7/15)
 Temple: D:4-7

Altars:
Wu Jian
Xom

Shops:
D:1 [   D:2 ?

Annotations:
D:4 Pikel


Innate Abilities, Weirdness & Mutations

You have very sharp teeth.
Your uncanny sense of smell can sniff out nearby items.
Your experience applies equally to all skills.


Message History

The lemure hits you but does no damage.
The lemure shouts!
You hit Pikel but do no damage.
Pikel is moderately wounded.
The wall freezes the scorpion.
The scorpion barely misses you.
Pikel resists.
The wall freezes Pikel.
Pikel misses you.
The wall freezes the lemure. x2
You kill the lemure!
That felt strangely unrewarding.
The wall freezes the lemure.
The lemure hits you but does no damage.
You hit Pikel.
Pikel is heavily wounded.
The wall freezes the scorpion but does no damage.
The scorpion stings you but does no damage.
The wall freezes the lemure but does no damage.
The lemure hits you.
Pikel resists.
The wall freezes Pikel.
Pikel hits you with a +1 whip of electrocution.
You are electrocuted!
* * * LOW HITPOINT WARNING * * *
The wall freezes the lemure.
You kill the lemure!
That felt strangely unrewarding.
The wall freezes the scorpion but does no damage.
The scorpion misses you.
Unknown command.
You hit Pikel but do no damage.
Pikel is heavily wounded.
The wall freezes Pikel but does no damage.
Pikel closely misses you.
The wall freezes the lemure.
The wall freezes the lemure!
You kill the lemure!
That felt strangely unrewarding.
The wall freezes the scorpion.
The scorpion stings you but does no damage.
Press: ? - help, v - describe, . - travel
Here: a scorpion (almost dead)
The floor.
You closely miss Pikel.
Pikel is heavily wounded.
The wall freezes Pikel but does no damage.
Pikel hits you but does no damage.
You are electrocuted!!
You die...

.... ...#.............#
#...##.##.............#
.#......# #............# .
.........##.....# #... #.
........##.....####†####..
.........)....<##.........
........)##.).......#.....
..........#........###....
.........@K5.##...###.....
.....[.##.s.......# ##....
....... ##..........#.>...
.###... #....#.##.........
##.. ........#....####.
#..#.....#..##.... . ...
##...###... # ...# #..
##.. #..


You could see Pikel, a lemure and a scorpion.

Vanquished Creatures
  Sigmund (D:2)
  A water moccasin (D:5)
  An ice beast (D:5)
  A centaur (D:7)
  3 lemures (D:4)
  A scorpion (D:5)
  A hound (D:5)
  2 jellies
  Jessica (D:2)
  Ijyb (D:5)
  An orc wizard (D:4)
  5 adders
  2 worms (D:2)
  2 dart slugs
  7 orcs
  6 ball pythons
  9 endoplasms
  A giant cockroach (D:3)
  3 goblins
  6 hobgoblins
  2 jackals (D:1)
  4 quokkas
  5 bats
  3 frilled lizards
  6 kobolds
  9 rats
84 creatures vanquished.

Notes
Turn   | Place    | Note
-------+----------+-------------------------------------------
     0 | D:1      | monsoonserge the Gnoll Ice Elementalist began the quest for
                  | the Orb.
     0 | D:1      | Reached XP level 1. HP: 13/13 MP: 6/6
    98 | D:1      | Found Xeykloon's Antique Armour Emporium.
   158 | D:1      | Reached XP level 2. HP: 14/19 MP: 1/7
   612 | D:1      | Reached skill level 5 in Spellcasting
   612 | D:1      | Reached XP level 3. HP: 25/25 MP: 6/9
   616 | D:1      | Learned a level 3 spell: Frozen Ramparts
   620 | D:1      | Learned a level 3 spell: Ozocubu's Armour
   967 | D:1      | Reached skill level 1 in Invocations
  1414 | D:2      | Found an ornate altar of the Wu Jian Council.
  1491 | D:2      | Noticed Jessica
  1497 | D:2      | Killed Jessica
  1498 | D:2      | Reached skill level 1 in Fighting
  1498 | D:2      | Reached skill level 1 in Short Blades
  1498 | D:2      | Reached skill level 1 in Long Blades
  1498 | D:2      | Reached skill level 1 in Axes
  1498 | D:2      | Reached skill level 1 in Maces & Flails
  1498 | D:2      | Reached skill level 1 in Polearms
  1498 | D:2      | Reached skill level 1 in Staves
  1498 | D:2      | Reached skill level 1 in Ranged Weapons
  1498 | D:2      | Reached skill level 1 in Throwing
  1498 | D:2      | Reached skill level 1 in Armour
  1498 | D:2      | Reached skill level 1 in Shields
  1498 | D:2      | Reached skill level 1 in Unarmed Combat
  1498 | D:2      | Reached skill level 1 in Evocations
  1498 | D:2      | Reached XP level 4. HP: 32/32 MP: 7/11
  1571 | D:2      | Learned a level 4 spell: Summon Ice Beast
  1669 | D:2      | Noticed Sigmund
  1680 | D:2      | Killed Sigmund
  1681 | D:2      | Reached skill level 1 in Conjurations
  1681 | D:2      | Reached skill level 1 in Hexes
  1681 | D:2      | Reached skill level 1 in Summonings
  1681 | D:2      | Reached skill level 1 in Necromancy
  1681 | D:2      | Reached skill level 1 in Translocations
  1681 | D:2      | Reached skill level 1 in Transmutations
  1681 | D:2      | Reached skill level 1 in Fire Magic
  1681 | D:2      | Reached skill level 1 in Air Magic
  1681 | D:2      | Reached skill level 1 in Earth Magic
  1681 | D:2      | Reached skill level 1 in Poison Magic
  1681 | D:2      | Reached XP level 5. HP: 19/38 MP: 1/12
  1681 | D:2      | Reached XP level 6. HP: 22/44 MP: 1/13
  1795 | D:2      | Found Yxtevuga's Magic Scroll Shoppe.
  1798 | D:2      | Bought a scroll of teleportation for 42 gold pieces
  2309 | D:3      | You fall into a shaft and drop 3 floors!
  2348 | D:5      | Entered Level 5 of the Dungeon
  2348 | D:5      | Noticed an ice beast
  2416 | D:6      | Noticed a water moccasin
  2512 | D:7      | Reached skill level 5 in Dodging
  2622 | D:5      | Noticed Ijyb
  2638 | D:5      | Noticed a water moccasin
  2642 | D:5      | Killed Ijyb
  2643 | D:5      | Reached XP level 7. HP: 46/51 MP: 9/15
  2653 | D:5      | Reached skill level 5 in Stealth
  2858 | D:3      | Found a shimmering altar of Xom.
  3015 | D:3      | Found an ornate altar of the Wu Jian Council.
  3428 | D:4      | Noticed Pikel
  3586 | D:4      | Slain by Pikel

Illustrated notes

Levels and vault maps discovered:
D:1:      zelgadis_glass_arrival_small, layout_basic, serial_shops,
          nicolae_shop_dealshenge, dreamdust_princess_corridor, minmay_unequal
D:2:      layout_basic, serial_shops, nicolae_shop_rolled_up, basic_altar,
          uniq_sigmund, uniq_jessica
D:3:      layout_basic, mainiacjoe_overflow_small_starburst, xom_teletrap_fun,
          moated_statue
D:4:      layout_cave_pools, grunt_temple_overflow_open,
          chequers_serial_rivers_small_b, uniq_pikel
D:5:      layout_basic, temple_fountains, uniq_prince_ribbit1, uniq_ijyb,
          uniq_crazy_yiuf_cottage, uniq_duvessa
D:6:      layout_basic, kennysheep_okawaru_gauntlet
D:7:      layout_loops_ring, kennysheep_mini_moat, st_stairs_8,
          minmay_door_square, uniq_joseph

Skill      XL: |  1  2  3  4  5  6  7 |
---------------+----------------------+-----
Spellcasting   | 5 |  5.8
Invocations    | 1 2 3 |  3.2
Fighting       | 1 2 |  2.9
Short Blades   | 1 2 |  2.9
Long Blades    | 1 2 |  2.9
Axes           | 1 2 |  2.9
Maces & Flails | 1 2 |  2.9
Polearms       | 1 2 |  2.9
Staves         | 1 2 |  2.9
Ranged Weapons | 1 2 |  2.9
Throwing       | 1 2 |  2.9
Armour         | 1 2 |  2.9
Shields        | 1 2 |  2.9
Unarmed Combat | 1 2 |  2.9
Evocations     | 1 2 |  2.9
Conjurations   | 1 2 |  2.3
Hexes          | 1 2 |  2.3
Summonings     | 1 2 |  2.3
Necromancy     | 1 2 |  2.3
Translocations | 1 2 |  2.3
Transmutations | 1 2 |  2.3
Fire Magic     | 1 2 |  2.3
Air Magic      | 1 2 |  2.3
Earth Magic    | 1 2 |  2.3
Poison Magic   | 1 2 |  2.3
Dodging        | 5 |  5.4
Stealth        | 5 |  5.1
Ice Magic      | |  7.5

Action                     |  1- 3 |  4- 6 |  7- 9 || total
---------------------------+-------+-------+-------++-------
  Melee: Unarmed           |    10 |       |       ||    10
         Dagger            |    11 |       |       ||    11
         Bite              |     2 |     1 |     1 ||     4
         Short sword       |     8 |       |       ||     8
         Club              |       |     7 |    20 ||    27
   Fire: Sling             |    26 |    30 |       ||    56
         Shortbow          |       |    18 |    50 ||    68
   Cast: Freeze            |    23 |     2 |       ||    25
         Frozen Ramparts   |     3 |    10 |    12 ||    25
         Ozocubu's Armour  |       |     2 |     7 ||     9
   Stab: Sleeping          |     4 |       |       ||     4
 Armour: Robe              |     2 |       |       ||     2
         Leather armour    |       |    19 |    16 ||    35
  Dodge: Dodged            |    39 |    18 |    23 ||    80
  Block: Other             |       |     9 |     5 ||    14
